 Dungeon Crawl Stone Soup version 0.28-a0-893-g5e322aebe8 (webtiles) character file.

Game seed: 6918647873786650022

17304 Peloso the Carver (level 12, 0/106 HPs)
             Began as a Minotaur Fighter on Nov 22, 2021.
             Was a High Priest of Okawaru.
             Succumbed to a cane toad's poison
             ... on level 1 of the Lair of Beasts.
             The game lasted 00:29:08 (12543 turns).

Peloso the Carver (Minotaur Fighter)               Turns: 12543, Time: 00:29:09

Health: 0/106      AC: 17    Str: 24    XL:     12   Next: 17%
Magic:  11/11      EV:  3    Int:  5    God:    Okawaru [*****.]
Gold:   1069       SH: 31    Dex: 18    Spells: 11/11 levels left

rFire   . . .      SeeInvis .   a - +6 long sword (vamp)
rCold   . . .      Faith    .   G - +18 shield of the Gong {rElec rN+ Will+ EV-5}
rNeg    + + .      Spirit   .   i - +0 plate armour
rPois   .          Reflect  .   y - +2 hat {Stlth+}
rElec   +          Harm     .   r - scarf {+Inv}
rCorr   .          Rampage  .   (no gloves)
Will    +....                   (no boots)
Stlth   ..........              (no amulet)
HPRegen 0.27/turn               p - ring of positive energy
MPRegen 0.12/turn               f - +6 ring of dexterity

@: lethally poisoned (0 -> -32)
A: horns 2, retaliatory headbutt
a: Renounce Religion, Evoke Invisibility, Heroism, Finesse, Duel


You were on level 1 of the Lair of Beasts.
You worshipped Okawaru.
Okawaru was extremely pleased with you.
You visited 3 branches of the dungeon, and saw 13 of its levels.

You collected 1069 gold pieces.

Inventory:

Hand Weapons
 a - a +6 vampiric long sword (weapon)
 b - a +0 hand axe of flaming
Armour
 c - a +1 kite shield of reflection
 i - a +0 plate armour (worn)
 r - a scarf of invisibility (worn)
 y - a +2 hat of stealth (worn)
 G - the +18 shield of the Gong (worn) {rElec rN+ Will+ EV-5}
   (You found it on level 9 of the Dungeon)

   It is deafeningly noisy when blocking attacks.
   EV:        It affects your evasion (-5).
   rElec:     It insulates you from electricity.
   rN:        It protects you from negative energy.
   Will:      It increases your willpower.
Jewellery
 f - a +6 ring of dexterity (right hand)
 g - a +6 ring of intelligence
 p - a ring of positive energy (left hand)
 E - a ring of ice
Wands
 d - a wand of polymorph (6)
 v - a wand of acid (17)
 w - a wand of paralysis (23)
 A - a wand of flame (19)
 D - a wand of iceblast (24)
 I - a wand of digging (5)
Scrolls
 e - 3 scrolls of teleportation
 j - a scroll of acquirement
 l - a scroll of enchant weapon
 o - a scroll of fog
 q - 3 scrolls of amnesia
 s - a scroll of summoning {unknown}
 t - 4 scrolls of noise
 u - a scroll of silence {unknown}
 x - 4 scrolls of magic mapping
 z - a scroll of immolation {unknown}
 B - 3 scrolls of fear
 C - a scroll of blinking
 J - a scroll of torment {unknown}
Potions
 h - 2 potions of resistance
 k - 3 potions of curing
 m - 2 potions of flight
 n - 2 potions of cancellation
 F - 2 potions of mutation
Miscellaneous
 K - a tin of tremorstones (2/2)


   Skills:
 + Level 10.0 Fighting
 + Level 13.2 Long Blades
 + Level 1.4 Axes
 + Level 12.9 Armour
 + Level 2.3 Dodging
 + Level 0.6 Stealth
 + Level 12.8 Shields
 + Level 1.0 Unarmed Combat
 + Level 0.6 Invocations
 + Level 1.0 Evocations


You had 11 spell levels left.
You didn't know any spells.
Your spell library contained the following spells:

 Spells                   Type           Power      Damage    Failure   Level
 Beastly Appendage        Tmut           0%         N/A       100%        1
 Slow                     Hex            0%         N/A       100%        1
 Corpse Rot               Necr/Air       0%         N/A       100%        2
 Ensorcelled Hibernation  Hex/Ice        0%         N/A       100%        2
 Passwall                 Tmut/Erth      0%         N/A       100%        2
 Poisonous Vapours        Pois/Air       0%         N/A       100%        2
 Wereblood                Tmut           0%         N/A       100%        2
 Confusing Touch          Hex            0%         N/A       100%        3
 Portal Projectile        Hex/Tloc       0%         N/A       100%        3
 Spider Form              Tmut/Pois      0%         N/A       100%        3
 Swiftness                Air            0%         N/A       100%        3
 Vampiric Draining        Necr           0%         2d6       100%        3
 Blade Hands              Tmut           0%         N/A       100%        5
 Excruciating Wounds      Necr           0%         N/A       100%        5
 Tukima's Dance           Hex            Unusable   N/A       N/A         3

Dungeon Overview and Level Annotations

Branches:
Dungeon (11/15)            Temple (1/1) D:7            Lair (1/6) D:9
    Orc (0/2) D:11

Altars:
Ashenzari
Dithmenos
Elyvilon
Gozag
Hepliaklqana
Kikubaaqudgha
Makhleb
Nemelex Xobeh
Okawaru
Qazlal
Sif Muna
Trog
Wu Jian
Xom
Zin
The Shining One

Shops:
D:6 :   D:10 *   D:11 (


Innate Abilities, Weirdness & Mutations

You have a pair of horns on your head.
You reflexively headbutt those who attack you in melee.


Message History

You block the basilisk's attack.
BONNNG!
You block the cane toad's attack.
SHROANNG!
The yak gores you!
* * * LOW HITPOINT WARNING * * *
You hear an angry buzzing noise. x6
You slash the basilisk!
You feel better.
The basilisk is severely wounded.
You feel very sick. You block the cane toad's attack.
GONNNNG!
You block the yak's attack.
GONNNNG!
The basilisk bites you but does no damage.
The yak barely misses you. You furiously retaliate!
You headbutt the yak, but do no damage.
You hear an angry buzzing noise. x2
You hit the basilisk.
You feel better.
The basilisk is severely wounded.
You feel very sick. The cane toad stings you!!
* * * LOW HITPOINT WARNING * * *
You are more poisoned.
The cane toad poisons you! You block the basilisk's attack.
PTOANNNG!
You block the yak's attack.
GONNNNG!
The yak gores you.
* * * LOW HITPOINT WARNING * * *
You hear an angry buzzing noise. x6
You hit the basilisk.
You feel better.
The basilisk is almost dead.
* * * LOW HITPOINT WARNING * * *
You feel very sick. You block the cane toad's attack.
GONNNNG!
You hear an angry buzzing noise. x2
You closely miss the basilisk.
The basilisk is almost dead.
You die...

.........#
......>.8# #
........[# .#
.......††### .#
......#.?..# 8.##
......##...##....#
.....#.#..Y.......
....##..Y#F.......
....##..Y@#.......
#.......Yl##....##
#.............8.#
##....<.....+#+#
##............
#.......#.....
###.........[.
####........
##.......


You could see 4 yaks, a cane toad and a basilisk.

Vanquished Creatures
  A boulder beetle (D:11)
  A hydra (Lair:1)
  An ogre mage (D:11)
  5 two-headed ogres
  A death yak (D:9)
  A skeletal warrior (D:6)
  Pikel (D:4)
  A manticore (D:11)
  An elephant (D:9)
  2 vault sentinels
  2 rust devils (D:6)
  Maurice (D:9)
  2 gargoyles
  Maggie (D:8)
  Psyche (D:10)
  A komodo dragon (Lair:1)
  2 hornets
  A shadow (D:11)
  2 basilisks
  A vampire (D:11)
  A wraith (D:6)
  5 yaks
  3 wyverns
  3 vampire mosquitoes (D:11)
  An acid dragon (D:10)
  A water moccasin (D:5)
  Duvessa (D:4)
  6 orc warriors
  A sky beast (D:6)
  2 ice beasts
  A black bear (D:9)
  A necrophage (D:6)
  4 ogres
  5 centaurs
  3 kobold brigands
  A phantom (D:6)
  A lemure (D:4)
  Blork the orc (D:6)
  6 bullfrogs
  A scorpion (D:7)
  A gnoll sergeant (D:10)
  2 water moccasin zombies (D:5)
  Dowan (D:4)
  11 wights
  3 howler monkeys (D:10)
  2 hounds (D:6)
  3 centaur zombies
  6 orc priests
  A jelly (D:5)
  A centaur skeleton (D:7)
  An iron imp (D:6)
  2 iguanas
  Ijyb (D:5)
  7 orc wizards
  A howler monkey zombie (D:7)
  8 gnolls
  12 adders
  A shadow imp (D:7)
  A white imp (D:7)
  3 ufetubi
  A worm (D:3)
  A dart slug (D:4)
  31 orcs
  6 ball pythons
  8 endoplasms
  A giant cockroach (D:4)
  5 goblins
  6 hobgoblins
  8 jackals
  22 kobolds
  6 quokkas
  4 bats
  5 frilled lizards
  A goblin skeleton (D:6)
  A hobgoblin zombie (D:6)
  A kobold skeleton (D:6)
  2 kobold zombies (D:6)
  An orc skeleton (D:6)
  An orc zombie (D:6)
  6 rats
262 creatures vanquished.

Vanquished Creatures (others)
  A howler monkey (D:10)
  2 kobolds (D:10)
  A fungus (D:9)
  A plant (Lair:1)
5 creatures vanquished.

Grand Total: 267 creatures vanquished

Notes
Turn   | Place    | Note
-------+----------+-------------------------------------------
     0 | D:1      | Peloso the Minotaur Fighter began the quest for the Orb.
     0 | D:1      | Reached XP level 1. HP: 19/19 MP: 0/0
   215 | D:1      | Reached XP level 2. HP: 17/27 MP: 1/1
   533 | D:1      | You fall into a shaft and drop 1 floor!
   551 | D:2      | Reached XP level 3. HP: 8/33 MP: 2/2
  1015 | D:2      | Reached skill level 3 in Long Blades
  1319 | D:2      | You fall into a shaft and drop 1 floor!
  1414 | D:1      | Found a faded altar of an unknown god.
  1752 | D:1      | Identified a scroll of acquirement
  2054 | D:2      | Reached XP level 4. HP: 40/40 MP: 3/3
  2452 | D:3      | Reached skill level 4 in Long Blades
  2671 | D:4      | Reached XP level 5. HP: 44/47 MP: 4/4
  2725 | D:4      | Noticed a lemure
  2725 | D:4      | Noticed a lemure
  2728 | D:4      | Noticed Pikel
  2729 | D:4      | Noticed a lemure
  2729 | D:4      | Noticed a lemure
  2751 | D:4      | Killed a lemure
  2759 | D:4      | Paralysed by Pikel for 6 turns
  2773 | D:4      | Killed Pikel
  2774 | D:4      | Reached skill level 5 in Fighting
  2774 | D:4      | Reached skill level 5 in Long Blades
  2774 | D:4      | Reached XP level 6. HP: 37/56 MP: 5/5
  2774 | D:4      | Reached XP level 7. HP: 41/61 MP: 6/6
  2920 | D:4      | Noticed Dowan
  2925 | D:4      | Noticed Duvessa
  2952 | D:4      | Killed Duvessa
  2953 | D:4      | Reached skill level 6 in Long Blades
  2962 | D:4      | Killed Dowan
  2963 | D:4      | Reached skill level 1 in Dodging
  3769 | D:5      | Entered Level 5 of the Dungeon
  3769 | D:5      | Noticed Ijyb
  3793 | D:5      | Killed Ijyb
  3911 | D:5      | Found a broken altar of Ashenzari.
  3921 | D:5      | Reached skill level 7 in Long Blades
  3926 | D:5      | Reached skill level 5 in Shields
  3926 | D:5      | Reached skill level 1 in Unarmed Combat
  3926 | D:5      | Reached XP level 8. HP: 27/70 MP: 7/7
  4595 | D:6      | Noticed a skeletal warrior
  4597 | D:6      | Noticed a gargoyle
  4615 | D:6      | Found a transporter.
  4618 | D:6      | Found a sparkling altar of Nemelex Xobeh.
  4628 | D:6      | Noticed a two-headed ogre
  4629 | D:6      | Found a transporter.
  4809 | D:5      | Noticed a rust devil
  4809 | D:5      | Noticed a rust devil
  4825 | D:6      | Noticed Blork the orc
  4833 | D:6      | Killed Blork the orc
  4885 | D:6      | Reached skill level 8 in Long Blades
  5178 | D:6      | Found a glowing golden altar of the Shining One.
  5320 | D:6      | Found an opulent altar of Gozag.
  5547 | D:6      | Found Onlixoi's Book Shoppe.
  5746 | D:7      | Reached XP level 9. HP: 69/79 MP: 8/8
  5916 | D:7      | Found a shadowy altar of Dithmenos.
  5916 | D:7      | Found a shimmering altar of Xom.
  5931 | D:7      | Reached skill level 9 in Long Blades
  6456 | D:7      | Found a staircase to the Ecumenical Temple.
  6466 | Temple   | Entered the Ecumenical Temple
  6481 | Temple   | Became a worshipper of Warmaster Okawaru
  6993 | D:8      | Noticed Maggie
  7347 | D:8      | Reached skill level 10 in Long Blades
  7560 | D:8      | Paralysed by a hornet for 2 turns
  7826 | D:9      | Reached * piety under Okawaru
  8138 | D:9      | Noticed Maurice
  8154 | D:9      | Killed Maurice
  8155 | D:9      | Reached skill level 10 in Armour
  8216 | D:9      | Noticed a death yak
  8245 | D:9      | Killed a death yak
  8245 | D:9      | Reached ** piety under Okawaru
  8246 | D:9      | Reached XP level 10. HP: 20/88 MP: 6/9
  8540 | D:9      | Found a staircase to the Lair.
  8540 | D:9      | Noticed an elephant
  8595 | D:9      | Reached skill level 11 in Long Blades
  8620 | D:9      | Killed an elephant
  8621 | D:9      | Reached skill level 1 in Evocations
  9121 | D:9      | Noticed a vault sentinel
  9121 | D:9      | Noticed a vault sentinel
  9453 | D:9      | Found the +18 shield of the Gong {rElec rN+ Will+ EV-5}
  9478 | D:8      | Killed a vault sentinel
  9502 | D:8      | Killed Maggie
  9557 | D:9      | Killed a vault sentinel
  9557 | D:9      | Reached *** piety under Okawaru
  9885 | D:10     | Entered Level 10 of the Dungeon
  9898 | D:10     | Found Kozid's Assorted Antiques.
  9903 | D:10     | Noticed Psyche
 10090 | D:10     | Noticed a two-headed ogre
 10112 | D:10     | Killed a two-headed ogre
 10127 | D:10     | Reached **** piety under Okawaru
 10128 | D:10     | Reached XP level 11. HP: 97/97 MP: 10/10
 10134 | D:10     | Noticed a two-headed ogre
 10152 | D:10     | Killed a two-headed ogre
 10226 | D:10     | Killed Psyche
 10504 | D:10     | Found a white marble altar of Elyvilon.
 11040 | D:6      | Reached skill level 12 in Long Blades
 11282 | D:6      | Killed a two-headed ogre
 11296 | D:6      | Reached skill level 10 in Shields
 11413 | D:6      | Killed a skeletal warrior
 11413 | D:6      | Reached ***** piety under Okawaru
 11593 | D:11     | Found a staircase to the Orcish Mines.
 11684 | D:11     | Found Etheunk's Weapon Emporium.
 11809 | D:11     | Noticed a boulder beetle
 11842 | D:11     | Killed a boulder beetle
 11842 | D:11     | Received a gift from Okawaru
 11904 | D:11     | Noticed a two-headed ogre
 11908 | D:11     | Noticed an ogre mage
 11909 | D:11     | Noticed a two-headed ogre
 11916 | D:11     | Killed a two-headed ogre
 11920 | D:11     | Killed a two-headed ogre
 11921 | D:11     | Reached skill level 13 in Long Blades
 11924 | D:11     | Killed an ogre mage
 11925 | D:11     | Reached XP level 12. HP: 82/106 MP: 11/11
 12027 | D:11     | Found a broken altar of Ashenzari.
 12490 | Lair:1   | Entered Level 1 of the Lair of Beasts
 12502 | Lair:1   | Noticed a six-headed hydra
 12516 | Lair:1   | Killed a one-headed hydra
 12516 | Lair:1   | Received a gift from Okawaru
 12517 | Lair:1   | Reached skill level 10 in Fighting
 12538 | Lair:1   | Reached skill level 1 in Axes
 12543 | Lair:1   | Succumbed to a cane toad's poison

Illustrated notes

Levels and vault maps discovered:
D:1:      lemuel_arrival_hallway, layout_basic, dreamdust_ecumenical_altar_grove
D:2:      layout_loops_ring
D:3:      layout_basic, chequers_serial_rivers_small_a
D:4:      layout_loops_ring, lemuel_old_faithful, uniq_pikel, uniq_duvessa
D:5:      cheibrodos_iron_armory, layout_cave_pools,
          mainiacjoe_overflow_surrounded_room, uniq_ijyb
D:6:      layout_loops_cross, nicolae_tso_besieged_by_evil,
          grunt_gozag_breadcrumbs, gammafunk_temple_overflow_arena,
          serial_shops, shop, minivault_5, uniq_blork_the_orc
D:7:      layout_basic, jmf_multi_god_temple, minmay_temple_entry_glass
D:8:      layout_loops_cross, nicolae_uskayaw_dance_studio, serial_shops, shop,
          uniq_grum, uniq_maggie, uniq_erica
D:9:      layout_loops_ring, david_lair_generic, hellmonk_guarded_unrand_gong,
          uniq_maurice
D:10:     layout_long_grid, amcnicky_altar_gilded, grunt_ministairs_9,
          st_stairs_13, nicolae_wooded_promenade, uniq_psyche
D:11:     layout_irregular_city, orc_david_3, ashenzari_altar_1
Temple:   zaba_magenta_temple
Lair:1:   layout_cave_shapes, special_room [special_room_bee],
          infiniplex_staircase_pool, grunt_megastairs_5, lemuel_fruit_tree

Skill      XL: |  1  2  3  4  5  6  7  8  9 10 11 12 |
---------------+-------------------------------------+-----
Fighting       | 4 5 6 7 9 10 | 10.0
Armour         | 4 6 7 8 10 12 | 12.9
Shields        | 4 5 6 8 12 | 12.8
Long Blades    | 3 4 5 7 8 10 11 13 | 13.2
Dodging        | 1 2 |  2.3
Unarmed Combat | 1 |  1.0
Evocations     | 1 |  1.0
Axes           | 1 |  1.4
Stealth        | |  0.6
Invocations    | |  0.6

Action                   |  1- 3 |  4- 6 |  7- 9 | 10-12 || total
-------------------------+-------+-------+-------+-------++-------
Melee: Long sword        |   113 |    61 |   363 |   432 ||   969
       Headbutt          |    14 |    10 |    82 |   122 ||   228
       Unarmed           |       |       |    22 |       ||    22
       Hand axe          |       |       |       |     7 ||     7
Invok: Heroism           |       |       |     1 |     5 ||     6
Evoke: Wand              |       |       |     7 |       ||     7
  Use: Scroll            |     4 |       |     4 |     7 ||    15
       Potion            |       |     3 |     2 |     1 ||     6
Armor: Scale mail        |    40 |       |       |       ||    40
       Plate armour      |    35 |    36 |   219 |   159 ||   449
       Skin              |       |       |     2 |       ||     2
Dodge: Dodged            |    44 |    20 |   123 |    31 ||   218
Block: Buckler           |    30 |     9 |    78 |       ||   117
       Kite shield       |       |       |    13 |   566 ||   579
       Reflection        |       |       |       |     1 ||     1

Table legend: (Time is in decaauts)
 A = Elapsed time spent in this place.
 B = Non-inter-level travel time spent in this place.
 C = Inter-level travel time spent in this place.
 D = Time resting spent in this place.
 E = Time spent auto-exploring this place.
 F = Levels seen in this place.
 G = Mean time per level.
                   A        B        C        D        E       F      G
               +--------+--------+--------+--------+--------+-----+--------+
         Total |  12564 |  11962 |    602 |   2548 |   6625 |  13 |  966.5 |
       Dungeon |  12216 |  11614 |    602 |   2280 |   6617 |  11 | 1110.5 |
        Temple |    301 |    301 |      0 |    268 |      6 |   1 |  301.0 |
          Lair |     46 |     46 |      0 |      0 |      2 |   1 |   46.0 |
               +--------+--------+--------+--------+--------+-----+--------+

Top non-repeatable levels by time:
     D:9: 1855 daAuts
     D:6: 1622 daAuts
     D:2: 1288 daAuts
     D:4: 1228 daAuts
     D:7: 1183 daAuts
     D:8: 960 daAuts
     D:5: 932 daAuts
     D:1: 918 daAuts
    D:10: 888 daAuts
    D:11: 860 daAuts
     D:3: 478 daAuts
  Temple: 301 daAuts
  Lair:1: 46 daAuts
